 Dungeon Crawl Stone Soup version 0.25-a0-516-g7d600cd9ad (webtiles) character file.

Game seed: 16373023542142224320, levelgen mode: deterministic

158 Leibowitz the Sneak (level 5, -3/31 HPs)
             Began as a Kobold Assassin on Feb 17, 2020.
             Slain by an iron imp (11 damage)
             ... summoned by Natasha
             ... on level 2 of the Dungeon.
             The game lasted 00:03:25 (1191 turns).

Leibowitz the Sneak (Kobold Assassin)               Turns: 1191, Time: 00:03:26

Health: -3/31      AC:  3    Str:  9    XL:     5   Next: 66%
Magic:  5/5        EV: 14    Int: 12    God:
Gold:   49         SH:  0    Dex: 17    Spells: 4/4 levels left

rFire    + . .     SeeInvis .   h - +2 dagger (drain)
rCold    + . .     Gourm    .   (shield restricted)
rNeg     . . .     Faith    .   j - +0 leather armour
rPois    .         Spirit   .   (no helmet)
rElec    .         Reflect  .   b - scarf {rC+ rF+}
rCorr    .         Harm     .   (no gloves)
MR       .....                  (no boots)
Stlth    ++++......             (no amulet)
HPRegen  0.10/turn              (no ring)
MPRegen  0.09/turn              (no ring)

@: lethally poisoned (-3 -> -4), slowed, very slow
A: small, carnivore
a: no special abilities


You were on level 2 of the Dungeon.
You were completely stuffed.

You visited 1 branch of the dungeon, and saw 2 of its levels.

You collected 49 gold pieces.

Inventory:

Hand Weapons
 a - a +2 dagger
 h - a +2 dagger of draining (weapon)
Missiles
 d - 22 poisoned darts (quivered)
 e - 2 curare-tipped darts
Armour
 b - a scarf of resistance (worn)
 c - a +0 cloak
 j - a +0 leather armour (worn)
Jewellery
 p - an uncursed ring of fire {unknown}
Scrolls
 g - a scroll of enchant weapon {unknown}
 m - a scroll of magic mapping {unknown}
 o - 2 scrolls of identify {unknown}
 q - 2 scrolls of enchant armour {unknown}
Potions
 i - 2 potions of lignification {unknown}
 k - 3 potions of might {unknown}
 n - a potion of magic {unknown}
Comestibles
 f - 2 rations
 l - 2 chunks of flesh


   Skills:
 * Level 2.7 Fighting
 * Level 3.5 Short Blades
 - Level 2.1 Throwing
 * Level 1.0 Armour
 * Level 2.2 Dodging
 * Level 7.7 Stealth


You had 4 spell levels left.
You didn't know any spells.
Your spell library was empty.

Dungeon Overview and Level Annotations

Branches:
Dungeon (2/15)

Altars:

Annotations:
D:2 Natasha


Innate Abilities, Weirdness & Mutations

You are small and have problems with some larger weapons.
You are carnivorous and can eat meat at any time.


Message History

You hit Natasha. You drain Natasha.
Natasha is heavily wounded.
Natasha claws you.
You hit Natasha.
Natasha is severely wounded.
Natasha barely misses you.
You hit Natasha.
Natasha is almost dead.
The iron imp misses you.
Natasha stares at you and mumbles some strange words.
You feel yourself slow down.
You closely miss Natasha.
Natasha is almost dead.
You feel sick. Natasha barely misses you. The iron imp hits you.
* * * LOW HITPOINT WARNING * * *
You barely miss Natasha.
Natasha is almost dead.
Natasha casts a spell.
The iron imp hits you!
You die...

################
...............# .#
.?......†......# #.#
......5@.......#######'#
.?)...h.................
........................
.......5######..........
........# #..........
........# #..........
........# #########.. #>
......... ......... #.#
#######.#


You could see an iron imp, Natasha and a shadow imp.

Vanquished Creatures
  Terence (D:2)
  Natasha (twice) (D:2)
  3 gnolls (D:2)
  3 adders (D:2)
  A worm (D:2)
  2 leopard geckos (D:2)
  3 bats
  2 giant cockroaches (D:1)
  6 goblins
  A hobgoblin (D:1)
  A frilled lizard (D:2)
  3 kobolds
  A rat (D:2)
29 creatures vanquished.

Notes
Turn   | Place    | Note
-------+----------+-------------------------------------------
     0 | D:1      | Leibowitz the Kobold Assassin began the quest for the Orb.
     0 | D:1      | Reached XP level 1. HP: 12/12 MP: 1/1
   326 | D:1      | Reached XP level 2. HP: 17/17 MP: 2/2
   578 | D:2      | Noticed Terence
   583 | D:2      | Reached skill level 6 in Stealth
   583 | D:2      | Reached XP level 3. HP: 19/22 MP: 3/3
   600 | D:2      | Killed Terence
   600 | D:2      | Reached XP level 4. HP: 21/27 MP: 4/4
   645 | D:2      | Noticed Natasha
   647 | D:2      | Killed Natasha
   719 | D:2      | Reached skill level 7 in Stealth
   728 | D:2      | Reached XP level 5. HP: 31/31 MP: 5/5
   843 | D:2      | Noticed Natasha
   855 | D:2      | Killed Natasha
  1097 | D:2      | Reached skill level 1 in Armour
  1177 | D:2      | Noticed Natasha
  1191 | D:2      | Slain by an iron imp

Levels and vault maps discovered:
D:1:      dpeg_arrival_rooms_with_view, layout_loops_cross
D:2:      layout_basic, uniq_terence, uniq_natasha

Skill      XL: |  1  2  3  4  5 |
---------------+----------------+-----
Stealth        | 6 7 |  7.7
Short Blades   | 3 |  3.5
Dodging        | 2 |  2.2
Armour         | 1 |  1.0
Fighting       | |  2.7
Throwing       | |  2.1

Action                   |  1- 3 |  4- 6 || total
-------------------------+-------+-------++-------
Melee: Dagger            |    39 |    44 ||    83
 Stab: Sleeping          |     4 |     8 ||    12
  Eat: Chunk             |     7 |     2 ||     9
Armor: Leather armour    |     7 |     2 ||     9
Dodge: Dodged            |    15 |    18 ||    33

Table legend:
 A = Non-vault XP
 B = Vault XP
 C = Vault XP percentage of total XP
 D = Non-vault monster count
 E = Vault monster count
 F = Vault count percentage of total count
                 A         B        C        D         E       F
            +---------+---------+-------+---------+---------+-------
      Total |     149 |      77 |  34.1 |      25 |       4 |  13.8
            +---------+---------+-------+---------+---------+-------
        D:1 |      14 |       4 |  22.2 |       8 |       2 |  20.0
        D:2 |     135 |      73 |  35.1 |      17 |       2 |  10.5
            +---------+---------+-------+---------+---------+-------
